TOP OF THE 1ST |
---|
Grand Rapids Dutch Ovens batting - Pitching for Oceanside Swamp Foxes : LHP David Jennings | Pitching: LHP David Jennings | | Batting: RHB Earl Davis | 0-0: Called Strike 0-1: Called Strike 0-2: Foul Ball, location: 2F 0-2: Ball 1-2: Ball 2-2: Ball 3-2: Foul Ball, location: 2F 3-2: Reached on error, E8 (Line Drive, 78D) | Batting: RHB Antenor Anchieta | 0-0: Ground out 4-3 (Groundball, 4) Earl Davis to third | Batting: RHB Mike Best | 0-0: Ground out 5-3 (Groundball, 56) Earl Davis scores | Batting: RHB Weldon Bell | 0-0: Ball 1-0: Fly out, F7 (Flyball, 78D) | Top of the 1st over - 1 run, 0 hits, 1 error, 0 left on base; Grand Rapids 1 - Oceanside 0 | BOTTOM OF THE 1ST |
---|
Oceanside Swamp Foxes batting - Pitching for Grand Rapids Dutch Ovens : RHP Jesús Gonzáles | Pitching: RHP Jesús Gonzáles | | Batting: SHB Teko de Bruin | 0-0: Ball 1-0: Foul Ball, location: 2F 1-1: Ball 2-1: Fly out, F8 (Flyball, 8LS) | Batting: RHB Ricardo López | 0-0: SINGLE (Groundball, 6MD) | Batting: SHB León Galló | 0-0: Ball 1-0: Fly out, F7 (Line Drive, 7) | Batting: RHB Howard Reed | 0-0: Ball 1-0: Fly out, F2 (Popup, 25F) | Bottom of the 1st over - 0 runs, 1 hit, 0 errors, 1 left on base; Grand Rapids 1 - Oceanside 0 | TOP OF THE 2ND |
---|
Grand Rapids Dutch Ovens batting - Pitching for Oceanside Swamp Foxes : LHP David Jennings | Batting: RHB Ray Bray | 0-0: Ball 1-0: Ball 2-0: Called Strike 2-1: Foul Ball, location: 2F 2-2: Strikes out swinging | Batting: LHB Chris Russell | 0-0: Foul Ball, location: 2F 0-1: Ball 1-1: Called Strike 1-2: Ground out 4-3 (Groundball, 4) | Batting: LHB Al Cramer | 0-0: Ground out 6-3 (Groundball, 6) | Top of the 2nd over - 0 runs, 0 hits, 0 errors, 0 left on base; Grand Rapids 1 - Oceanside 0 | BOTTOM OF THE 2ND |
---|
Oceanside Swamp Foxes batting - Pitching for Grand Rapids Dutch Ovens : RHP Jesús Gonzáles | Batting: RHB Bert Larson | 0-0: Ball 1-0: Foul Ball, location: 2F 1-1: Fly out, F8 (Flyball, 8RM) | Batting: RHB Pat Greene | 0-0: Foul Ball, location: 2F 0-1: Ground out U3 (Groundball, 34) | Batting: RHB Owen Parra | 0-0: Called Strike 0-1: Ground out 4-3 (Groundball, 4) | Bottom of the 2nd over - 0 runs, 0 hits, 0 errors, 0 left on base; Grand Rapids 1 - Oceanside 0 | TOP OF THE 3RD |
---|
Grand Rapids Dutch Ovens batting - Pitching for Oceanside Swamp Foxes : LHP David Jennings | Batting: LHB Gregory Pérez | 0-0: Ball 1-0: Foul Ball, location: 2F 1-1: Ball 2-1: Ball 3-1: Ground out 6-3 (Groundball, 6M) | Batting: RHB John Milligan | 0-0: Ball 1-0: Foul Ball, location: 2F 1-1: SINGLE (Line Drive, 5S) | Batting: RHB Earl Davis | 0-0: SINGLE (Groundball, 6MD) John Milligan to second | Batting: RHB Antenor Anchieta | 0-0: Called Strike 0-1: Grounds into double play, 6-4-3 (Groundball, 6) | Top of the 3rd over - 0 runs, 2 hits, 0 errors, 1 left on base; Grand Rapids 1 - Oceanside 0 | BOTTOM OF THE 3RD |
---|
Oceanside Swamp Foxes batting - Pitching for Grand Rapids Dutch Ovens : RHP Jesús Gonzáles | Batting: RHB Iván Morán | 0-0: Ground out 4-3 (Groundball, 4) | Batting: LHB Bob Huerta | 0-0: Ball 1-0: Called Strike 1-1: Ball 2-1: Foul Ball, location: 2F 2-2: Foul Ball, location: 2F 2-2: Reached on error, E7 (Line Drive, 7) | Batting: SHB Teko de Bruin | 0-0: Ball Bob Huerta is caught stealing 2nd base 1-0: Called Strike 1-1: Ball 2-1: Ball 3-1: Swinging Strike 3-2: Strikes out swinging | Bottom of the 3rd over - 0 runs, 0 hits, 1 error, 0 left on base; Grand Rapids 1 - Oceanside 0 | TOP OF THE 4TH |
---|
Grand Rapids Dutch Ovens batting - Pitching for Oceanside Swamp Foxes : LHP David Jennings | Batting: RHB Mike Best | 0-0: Ball 1-0: Called Strike 1-1: Called Strike 1-2: Ball 2-2: SOLO HOME RUN (Flyball, 7D), Distance : 371 ft | Batting: RHB Weldon Bell | 0-0: Foul Ball, location: 2F 0-1: SINGLE (Groundball, 6MD) | Batting: RHB Ray Bray | 0-0: Ball 1-0: Called Strike 1-1: SINGLE (Flyball, 89M) Weldon Bell to second Runner from 2nd tries for 3rd, SAFE, no throw | Batting: LHB Chris Russell | 0-0: Swinging Strike 0-1: Called Strike 0-2: Strikes out looking | Batting: LHB Al Cramer | 0-0: SINGLE (Line Drive, 56) Weldon Bell scores Ray Bray to second | Batting: LHB Gregory Pérez | 0-0: Ball 1-0: Ball 2-0: Called Strike 2-1: Called Strike 2-2: Strikes out swinging | Batting: RHB John Milligan | 0-0: Called Strike 0-1: Swinging Strike 0-2: Strikes out swinging | Top of the 4th over - 2 runs, 4 hits, 0 errors, 2 left on base; Grand Rapids 3 - Oceanside 0 | BOTTOM OF THE 4TH |
---|
Oceanside Swamp Foxes batting - Pitching for Grand Rapids Dutch Ovens : RHP Jesús Gonzáles | Batting: RHB Ricardo López | 0-0: Ball 1-0: Ball 2-0: Ball 3-0: Base on Balls | Batting: SHB León Galló | 0-0: Swinging Strike 0-1: Ball 1-1: Ball 2-1: Ball 3-1: Fielders Choice at 2nd, 1-6 (Groundball, 13S) | Batting: RHB Howard Reed | 0-0: Fly out, F7 (Flyball, 7S) | Batting: RHB Bert Larson | 0-0: Ball 1-0: Called Strike León Galló steals 2nd base 1-1: SINGLE (Groundball, 6MD) León Galló to third Runner from 3rd tries for Home, SAFE, no throw | Batting: RHB Pat Greene | 0-0: Ground out U3 (Groundball, 3) | Bottom of the 4th over - 1 run, 1 hit, 0 errors, 1 left on base; Grand Rapids 3 - Oceanside 1 | TOP OF THE 5TH |
---|
Grand Rapids Dutch Ovens batting - Pitching for Oceanside Swamp Foxes : LHP David Jennings | Batting: RHB Earl Davis | 0-0: Called Strike 0-1: Foul Ball, location: 2F 0-2: Strikes out swinging | Batting: RHB Antenor Anchieta | 0-0: Called Strike 0-1: Ball 1-1: Foul Ball, location: 2F 1-2: Ball 2-2: Ground out 3-1 (Groundball, 34) | Batting: RHB Mike Best | 0-0: Ball 1-0: Ground out 5-3 (Groundball, 56S) | Top of the 5th over - 0 runs, 0 hits, 0 errors, 0 left on base; Grand Rapids 3 - Oceanside 1 | BOTTOM OF THE 5TH |
---|
Oceanside Swamp Foxes batting - Pitching for Grand Rapids Dutch Ovens : RHP Jesús Gonzáles | Batting: RHB Owen Parra | 0-0: Called Strike 0-1: Ground out 3-1 (Groundball, 34) | Batting: RHB Iván Morán | 0-0: Ball 1-0: Foul Ball, location: 2F 1-1: Ball 2-1: Foul Ball, location: 2F 2-2: Strikes out swinging | Batting: LHB Bob Huerta | 0-0: Foul Ball, location: 2F 0-1: Ball 1-1: Ball 2-1: Foul Ball, location: 2F 2-2: Ball 3-2: Foul Ball, location: 2F 3-2: Strikes out swinging | Bottom of the 5th over - 0 runs, 0 hits, 0 errors, 0 left on base; Grand Rapids 3 - Oceanside 1 | TOP OF THE 6TH |
---|
Grand Rapids Dutch Ovens batting - Pitching for Oceanside Swamp Foxes : LHP David Jennings | Batting: RHB Weldon Bell | 0-0: Called Strike 0-1: Ball 1-1: Fly out, F5 (Popup, 56S) | Batting: RHB Ray Bray | 0-0: Ball 1-0: Ball 2-0: Ball 3-0: Base on Balls | Batting: LHB Chris Russell | 0-0: Called Strike 0-1: Fly out, F7 (Line Drive, 7LS) | Batting: LHB Al Cramer | 0-0: Ball 1-0: Ball 2-0: Foul Ball, location: 2F 2-1: Swinging Strike 2-2: Ground out 4-3 (Groundball, 4) | Top of the 6th over - 0 runs, 0 hits, 0 errors, 1 left on base; Grand Rapids 3 - Oceanside 1 | BOTTOM OF THE 6TH |
---|
Oceanside Swamp Foxes batting - Pitching for Grand Rapids Dutch Ovens : RHP Jesús Gonzáles | Batting: SHB Teko de Bruin | 0-0: Called Strike 0-1: Foul Ball, location: 2F 0-2: Ball 1-2: SINGLE (Flyball, 89S) | Batting: RHB Ricardo López | 0-0: Called Strike 0-1: Ball 1-1: Ground out 6-3 (Groundball, 6S) Teko de Bruin to second | Batting: SHB León Galló | 0-0: Called Strike 0-1: Ball 1-1: Swinging Strike 1-2: Ball 2-2: Strikes out looking | Batting: RHB Howard Reed | 0-0: Foul Ball, location: 2F 0-1: SINGLE (Line Drive, 9S) Teko de Bruin to third Runner from 3rd tries for Home, SAFE, no throw | Batting: RHB Bert Larson | 0-0: Ball 1-0: Ground out U3 (Groundball, 34S) | Bottom of the 6th over - 1 run, 2 hits, 0 errors, 1 left on base; Grand Rapids 3 - Oceanside 2 | TOP OF THE 7TH |
---|
Grand Rapids Dutch Ovens batting - Pitching for Oceanside Swamp Foxes : LHP David Jennings | Batting: LHB Gregory Pérez | 0-0: Ball 1-0: Ball 2-0: Called Strike 2-1: Swinging Strike 2-2: Ball 3-2: Fly out, F7 (Flyball, 78D) | Batting: RHB John Milligan | 0-0: Fly out, F7 (Flyball, 78S) | Batting: RHB Earl Davis | 0-0: Ball 1-0: Foul Ball, location: 2F 1-1: Foul Ball, location: 2F 1-2: Ball 2-2: Foul Ball, location: 2F 2-2: Strikes out swinging | Top of the 7th over - 0 runs, 0 hits, 0 errors, 0 left on base; Grand Rapids 3 - Oceanside 2 | BOTTOM OF THE 7TH |
---|
Oceanside Swamp Foxes batting - Pitching for Grand Rapids Dutch Ovens : RHP Jesús Gonzáles | Batting: RHB Pat Greene | 0-0: Foul Ball, location: 2F 0-1: Ball 1-1: Ground out 5-3 (Groundball, 5L) | Batting: RHB Owen Parra | 0-0: Swinging Strike 0-1: Ball 1-1: Foul Ball, location: 2F 1-2: Ground out 6-3 (Groundball, 6) | Batting: RHB Iván Morán | 0-0: Called Strike 0-1: Swinging Strike 0-2: Ball 1-2: Foul Ball, location: 2F 1-2: Foul Ball, location: 2F 1-2: Ball 2-2: Strikes out looking | Bottom of the 7th over - 0 runs, 0 hits, 0 errors, 0 left on base; Grand Rapids 3 - Oceanside 2 | TOP OF THE 8TH |
---|
Grand Rapids Dutch Ovens batting - Pitching for Oceanside Swamp Foxes : LHP David Jennings | Batting: RHB Antenor Anchieta | 0-0: Ball 1-0: Ground out 6-3 (Groundball, 6) | Batting: RHB Mike Best | 0-0: Ball 1-0: Swinging Strike 1-1: Ball 2-1: Swinging Strike 2-2: Ball 3-2: Base on Balls | Batting: RHB Weldon Bell | 0-0: Ground out 5-3 (Groundball, 56S) Mike Best to second | Batting: RHB Ray Bray | 0-0: DOUBLE (Line Drive, 78D) Mike Best scores | Batting: LHB Chris Russell | 0-0: Called Strike 0-1: Fly out, F8 (Flyball, 8RD) | Top of the 8th over - 1 run, 1 hit, 0 errors, 1 left on base; Grand Rapids 4 - Oceanside 2 | BOTTOM OF THE 8TH |
---|
Oceanside Swamp Foxes batting - Pitching for Grand Rapids Dutch Ovens : RHP Jesús Gonzáles | Pitching: LHP Germán Rivas | | Batting: LHB Bob Huerta | 0-0: Foul Ball, location: 2F 0-1: Ball 1-1: Called Strike 1-2: Ball 2-2: Foul Ball, location: 2F 2-2: Ball 3-2: Base on Balls | Batting: SHB Teko de Bruin | 0-0: Called Strike 0-1: Swinging Strike 0-2: Ball 1-2: Ball 2-2: Hit by Pitch Bob Huerta to second | Pitching: RHP Orlando García | | Pinch Hitting: LHB Clinton O'Brien | 0-0: Ball 1-0: Called Strike 1-1: Ball 2-1: Ball 3-1: Called Strike 3-2: Fielders Choice at 2nd, 5-4 (Groundball, 56) Bob Huerta to third | Batting: SHB León Galló | 0-0: Ball 1-0: Called Strike 1-1: Foul Ball, location: 2F 1-2: Fielders Choice at 2nd, 6-4 (Groundball, 6) Bob Huerta scores | Batting: RHB Howard Reed | 0-0: Called Strike 0-1: Foul Ball, location: 2F 0-2: Ball 1-2: Fly out, F8 (Flyball, 8RD) | Bottom of the 8th over - 1 run, 0 hits, 0 errors, 1 left on base; Grand Rapids 4 - Oceanside 3 | TOP OF THE 9TH |
---|
Grand Rapids Dutch Ovens batting - Pitching for Oceanside Swamp Foxes : LHP David Jennings | Now at SS: Jorge Quińones | | Batting: LHB Al Cramer | 0-0: Ground out 6-3 (Groundball, 6) | Batting: LHB Gregory Pérez | 0-0: Called Strike 0-1: Foul Ball, location: 2F 0-2: Ball 1-2: SINGLE (Groundball, 56D) | Pinch Hitting: SHB Karl Webster | 0-0: Called Strike 0-1: Swinging Strike 0-2: Ball 1-2: Strikes out swinging | Batting: RHB Earl Davis | 0-0: Ball 1-0: Foul Ball, location: 2F 1-1: Called Strike 1-2: Ball 2-2: Foul Ball, location: 2F 2-2: Strikes out swinging | Top of the 9th over - 0 runs, 1 hit, 0 errors, 1 left on base; Grand Rapids 4 - Oceanside 3 | BOTTOM OF THE 9TH |
---|
Oceanside Swamp Foxes batting - Pitching for Grand Rapids Dutch Ovens : RHP Orlando García | Now at C: Jason Philip | | Batting: RHB Bert Larson | 0-0: Ball 1-0: Foul Ball, location: 2F 1-1: Ground out 5-3 (Groundball, 2L) | Batting: RHB Pat Greene | 0-0: Foul Ball, location: 2F 0-1: Ball 1-1: Foul Ball, location: 2F 1-2: Strikes out swinging | Batting: RHB Owen Parra | 0-0: Ball 1-0: Foul Ball, location: 2F 1-1: Called Strike 1-2: Strikes out swinging | Bottom of the 9th over - 0 runs, 0 hits, 0 errors, 0 left on base; Grand Rapids 4 - Oceanside 3 | |